 Dungeon Crawl Stone Soup version 0.26-a0-180-ge96aa7da28 (webtiles) character file.

Game seed: 13164547486027305374

36 tilp the Chopper (level 3, 0/31 HPs)
             Began as a Hill Orc Monk on July 3, 2020.
             Succumbed to a worker ant's poison
             ... on level 2 of the Dungeon.
             The game lasted 00:02:36 (999 turns).

tilp the Chopper (Hill Orc Monk)                     Turns: 999, Time: 00:02:37

Health: 0/31       AC:  3    Str: 14    XL:     3   Next: 37%
Magic:  3/3        EV: 13    Int: 10    God:
Gold:   51         SH:  0    Dex: 13    Spells: 2/2 levels left

rFire    . . .     SeeInvis .   a - +0 hand axe
rCold    . . .     Faith    .   (no shield)
rNeg     . . .     Spirit   .   b - +0 robe
rPois    .         Reflect  .   (no helmet)
rElec    .         Harm     .   (no cloak)
rCorr    .                      (no gloves)
MR       .....                  i - +0 pair of boots (curse)
Stlth    ++........             (no amulet)
HPRegen  0.10/turn              (no ring)
MPRegen  0.08/turn              (no ring)

@: brilliant, lethally poisoned (0 -> -4), stab, hasted, very quick
A: no striking features
a: no special abilities


You were on level 2 of the Dungeon.
You were not hungry.

You visited 1 branch of the dungeon, and saw 2 of its levels.

You collected 51 gold pieces.

Inventory:

Hand Weapons
 a - a +0 hand axe (weapon)
Missiles
 k - 9 stones (quivered)
Armour
 b - a +0 robe (worn)
 i - a cursed +0 pair of boots (worn)
Scrolls
 e - a scroll of identify {unknown}
 g - a scroll of enchant weapon {unknown}
Potions
 j - a potion of stabbing
Comestibles
 c - 3 rations
 f - 2 chunks of flesh


   Skills:
 - Level 3.6 Fighting
 + Level 5.8 Axes
 - Level 2.4 Dodging
 - Level 1.5 Stealth


You had 2 spell levels left.
You didn't know any spells.
Your spell library was empty.

Dungeon Overview and Level Annotations

Branches:
Dungeon (2/15)

Altars:


Message History

You feel sick. The worker ant misses you. The hobgoblin barely misses you.
The worker ant barely misses you.
Unknown command.
It was a potion of magic.
Magic courses through your body. The worker ant closely misses you.
The hobgoblin hits you with a +0 club.
* * * LOW HITPOINT WARNING * * *
Unknown command.
* * * LOW HITPOINT WARNING * * *
You feel sick.
It was a potion of haste.
You feel yourself speed up. The worker ant closely misses you.
Unknown command.
It was a potion of brilliance.
You feel clever all of a sudden. The worker ant closely misses you.
Unknown command.
You closely miss the hobgoblin.
The hobgoblin is almost dead.
You hit the worker ant.
You die...

#..[..........
###.............
#.................
....
#.####............
..... #.#
#....w##.....
.....##.# #.....#
.w.. ......#.#
#.....# ...
......#.####as...#
..
......#.#..@g.####
.
.......<.......####
..................#
###...............#
#......÷........#
#....÷.......####
#......).....#
.....#.........#
..#..#.........#


You could see a worker ant, a dart slug, a giant cockroach and a hobgoblin.

Vanquished Creatures
  A dart slug (D:1)
  7 goblins (D:1)
  3 hobgoblins (D:1)
  4 jackals
  6 kobolds
  5 bats
  2 frilled lizards (D:1)
  2 rats (D:1)
30 creatures vanquished.

Notes
Turn   | Place    | Note
-------+----------+-------------------------------------------
     0 | D:1      | tilp the Hill Orc Monk began the quest for the Orb.
     0 | D:1      | Reached XP level 1. HP: 19/19 MP: 1/1
    72 | D:1      | Reached XP level 2. HP: 26/26 MP: 2/2
   228 | D:1      | Reached skill level 5 in Axes
   489 | D:1      | Reached XP level 3. HP: 31/31 MP: 3/3
   995 | D:2      | HP: 1/31 [hobgoblin/+0 club (2)]
   999 | D:2      | Succumbed to a worker ant's poison

Illustrated notes

Levels and vault maps discovered:
D:1:      dpeg_arrival_rooms_with_view, layout_loops_cross
D:2:      layout_basic, old_standard_altar, minmay_distorted, uniq_terence

Skill      XL: |  1  2 |
---------------+-------+-----
Axes           | 5 |  5.8
Fighting       | |  3.6
Dodging        | |  2.4
Stealth        | |  1.5

Action                   || total
-------------------------++-------
Melee: Hand axe          ||    88
  Use: Potion            ||     4
Armor: Robe              ||    23
Dodge: Dodged            ||    87

Table legend:
 A = Non-vault XP
 B = Vault XP
 C = Vault XP percentage of total XP
 D = Non-vault monster count
 E = Vault monster count
 F = Vault count percentage of total count
                 A         B        C        D         E       F
            +---------+---------+-------+---------+---------+-------
      Total |      48 |       4 |   7.7 |      28 |       2 |   6.7
            +---------+---------+-------+---------+---------+-------
        D:1 |      40 |       4 |   9.1 |      24 |       2 |   7.7
        D:2 |       8 |       0 |   0.0 |       4 |       0 |   0.0
            +---------+---------+-------+---------+---------+-------
